 Dungeon Crawl Stone Soup version 0.28-a0-1638-g9123634e07 (webtiles) character file.

Game seed: 3571084371528884753

52 croobank the Firebug (level 3, 0/26 HPs)
             Began as a Draconian Fire Elementalist on Jan 25, 2022.
             Was a Follower of Trog.
             Slain by Natasha (1 damage)
             ... on level 2 of the Dungeon.
             The game lasted 00:05:12 (1168 turns).

croobank the Firebug (Draconian Fire Elementalist)  Turns: 1168, Time: 00:05:12

Health: 0/26       AC:  5    Str: 12    XL:     3   Next: 60%
Magic:  6/6        EV: 12    Int: 15    God:    Trog [*.....]
Gold:   12         SH:  0    Dex: 11    Spells: 3/6 levels left

rFire   . . .      SeeInvis .   b - +0 short sword
rCold   . . .      Faith    .   (no shield)
rNeg    . . .      Spirit   .   (armour unavailable)
rPois   .          Reflect  .   (helmet restricted)
rElec   .          Harm     .   (no cloak)
rCorr   .          Rampage  .   (no gloves)
Will    .....                   (no boots)
Stlth   ++........              (no amulet)
HPRegen 0.08/turn               (no ring)
MPRegen 0.10/turn               (no ring)

@: about to teleport, on berserk cooldown, slowed, very slow
A: AC +5, unfitting armour, cold-blooded
a: Renounce Religion, Berserk


You were on level 2 of the Dungeon.
You worshipped Trog.
Trog was aware of your devotion.
You visited 1 branch of the dungeon, and saw 2 of its levels.

You collected 12 gold pieces.

Inventory:

Hand Weapons
 b - a +0 short sword (weapon)
Missiles
 a - 5 boomerangs
 d - 47 sling bullets
 e - 2 poisoned darts (quivered)
 f - 2 throwing nets
 j - 8 stones
Scrolls
 h - a scroll of holy word {unknown}
 i - a scroll of fear {unknown}
 k - a scroll of enchant armour {unknown}
Potions
 g - a potion of brilliance


   Skills:
 + Level 2.5 Dodging
 + Level 2.5 Stealth
 - Level 2.2 Spellcasting
 - Level 1.5 Conjurations
 - Level 3.2 Fire Magic


You had 3 spell levels left.
You knew the following spells:

 Your Spells              Type           Power      Damage    Failure   Level
a - Foxfire               Conj/Fire      32%        2x1d5     9%          1
b - Scorch                Fire           22%        2d6       9%          2

Your spell library contained the following spells:

 Spells                   Type           Power      Damage    Failure   Level
 Freeze                   Ice            4%         1d3       22%         1
 Conjure Flame            Conj/Fire      8%         6-21      24%         3
 Inner Flame              Hex/Fire       6%         N/A       32%         3
 Flame Wave               Conj/Fire      8%         2d5       63%         4


Dungeon Overview and Level Annotations

Branches:
Dungeon (2/15)

Altars:
Trog

Annotations:
D:2 Natasha


Innate Abilities, Weirdness & Mutations

Your plain brown scales are hard. (AC +5)
You cannot fit into any form of body armour.
You are cold-blooded and may be slowed by cold attacks.


Message History

The crimson imp disappears in a puff of smoke!
The white imp disappears in a puff of smoke!
The shadow imp disappears in a puff of smoke!
You have reached level 3!
Your experience leads to an increase in your attributes!
Increase (S)trength, (I)ntelligence, or (D)exterity?
You feel stronger. x2; Your scales feel tougher.
k - a scroll labelled IGHEDUONEO Natasha, Servant of Life and Death comes into view.
Casting this spell will place you under penance.
Really cast?
Okay, then.
Throw: 4 darts (poison)
Press: ? - help, Q - select action, (/) - cycle Shift-Dir - straight line, f - Natasha
Aim: Natasha (45% to hit)
You throw a poisoned dart. The poisoned dart hits Natasha.
Natasha casts a spell at you. You resist with significant effort.
Throw: 3 darts (poison)
Press: ? - help, Q - select action, (/) - cycle Shift-Dir - straight line, f/p - Natasha
Aim: Natasha (45% to hit)
You throw a poisoned dart.
The poisoned dart completely misses Natasha.
Natasha casts a spell.
Natasha casts a spell at you. The magic dart hits you.
You closely miss Natasha.
Natasha stares at you and mumbles some strange words.
The magic dart hits you. Natasha closely misses you.
The shadow imp closely misses you.
You hit Natasha but do no damage. You tail-slap Natasha.
Natasha is lightly wounded.
Natasha claws you!
* * * LOW HITPOINT WARNING * * *
The shadow imp gestures at you.
You barely resist. Natasha barely misses you.
Okay, then.
As you read the scroll labelled SADUIR SOMIFRU, it crumbles to dust.
You feel strangely unstable.
It was a scroll of teleportation.
The shadow imp closely misses you. Natasha claws you.
You die...

#. # #.## #. #.###
#.#.#. #. #.#.#
#...#. #. #.#.#
#..... #.
.#.#.#.#.###<
#.####.#.#.#.#.# #.
#......#.#.#.#.# #.
#...###.#.#.#.# #.
+@5.'.....#.#.# #.
#.h.#####.#.#.# #.
#...#####.#.#.###.
#..(##............
.....(..^......^.^^
..#####..#.#P#._.#.#
#.. ##.#.#.#####.#
.. #..#.#. .#. ...#
# ##.#


You could see Natasha and a shadow imp (summoned).

Vanquished Creatures
  Natasha (D:2)
  2 ball pythons (D:1)
  3 endoplasms (D:1)
  2 goblins (D:1)
  3 hobgoblins
  4 jackals (D:1)
  5 kobolds (D:1)
  A bat (D:1)
  A frilled lizard (D:1)
  3 rats (D:1)
25 creatures vanquished.

Vanquished Creatures (others)
  36 foxfires
36 creatures vanquished.

Grand Total: 61 creatures vanquished

Notes
Turn   | Place    | Note
-------+----------+-------------------------------------------
     0 | D:1      | croobank the Draconian Fire Elementalist began the quest
                  | for the Orb.
     0 | D:1      | Reached XP level 1. HP: 14/14 MP: 3/3
    61 | D:1      | Reached XP level 2. HP: 3/20 MP: 1/5
    64 | D:1      | Learned a level 2 spell: Scorch
  1127 | D:2      | Found a faded altar of an unknown god.
  1135 | D:2      | Got Plato's Catalogue of the Frostbite
  1136 | D:2      | Prayed at the altar of an unknown god.
  1136 | D:2      | Became a worshipper of Trog the Wrathful
  1136 | D:2      | Reached * piety under Trog
  1147 | D:2      | Noticed Natasha
  1153 | D:2      | Noticed a crimson imp
  1156 | D:2      | Killed Natasha
  1157 | D:2      | Reached XP level 3. HP: 14/26 MP: 6/6
  1162 | D:2      | Noticed Natasha
  1167 | D:2      | HP: 1/26 [Natasha (8)]
  1168 | D:2      | Slain by Natasha

Illustrated notes

Levels and vault maps discovered:
D:1:      scummos_arrival_forest, layout_rooms, corexii_hall_statues_l,
          minmay_hexomino_u4
D:2:      layout_basic, shapermc_ecumenical_altar_rom_forum, serial_glass,
          glass_columns_c, glass_columns_a, basic_altar, uniq_robin,
          uniq_natasha

Skill      XL: |  1  2 |
---------------+-------+-----
Stealth        | 2 |  2.5
Dodging        | 2 |  2.5
Spellcasting   | |  2.2
Conjurations   | |  1.5
Fire Magic     | |  3.2

Action                   || total
-------------------------++-------
Melee: Unarmed           ||    24
       Tailslap          ||     7
       Short sword       ||    13
       Punch             ||     1
Throw: Dart              ||     2
 Cast: Foxfire           ||    24
       Scorch            ||     4
Invok: Berserk           ||     1
  Use: Scroll            ||     3
Armor: Skin              ||    10
Dodge: Dodged            ||    43

Table legend: (Time is in decaauts)
 A = Elapsed time spent in this place.
 B = Non-inter-level travel time spent in this place.
 C = Inter-level travel time spent in this place.
 D = Time resting spent in this place.
 E = Time spent auto-exploring this place.
 F = Levels seen in this place.
 G = Mean time per level.
                   A        B        C        D        E       F      G
               +--------+--------+--------+--------+--------+-----+--------+
         Total |   1175 |   1166 |      9 |    341 |    548 |   2 |  587.5 |
       Dungeon |   1175 |   1166 |      9 |    341 |    548 |   2 |  587.5 |
               +--------+--------+--------+--------+--------+-----+--------+

Top non-repeatable levels by time:
     D:1: 1075 daAuts
     D:2: 100 daAuts
